APP
PHILADELPHIA (APP) PHILLIES @ SAN DIEGO (APP) PADRES
07/18/2044
 
TOP OF THE 1ST
Philadelphia (APP) Phillies batting - Pitching for San Diego (APP) Padres : LHP Ryan Tatum
Pitching: LHP Ryan Tatum
Batting: RHB Mark Schultz 0-0: Called Strike
0-1: Fly out, F8 (Flyball, 8RS, EV 71.9 MPH)
Batting: RHB Carlos Morejon 0-0: Ball
1-0: Called Strike
1-1: Called Strike
1-2: Ball
2-2: Ball
3-2: Ground out 1-3 (Groundball, 34S, EV 69.4 MPH)
Batting: RHB Kyle Reilly 0-0: Foul Ball, location: 2F
0-1: Ball
1-1: Ball
2-1: Foul Ball, location: 2F
2-2: Ball
3-2: Strikes out looking
Top of the 1st over - 0 runs, 0 hits, 0 errors, 0 left on base; Philadelphia (APP) 0 - San Diego (APP) 0
BOTTOM OF THE 1ST
San Diego (APP) Padres batting - Pitching for Philadelphia (APP) Phillies : RHP Manny Cordova
Pitching: RHP Manny Cordova
Batting: LHB Rogelio Nunez 0-0: Foul Ball, location: 2F
0-1: Fly out, F9 (Flyball, 9LS, EV 92.5 MPH)
Batting: LHB Carlos Cuellar 0-0: Foul Ball, location: 2F
0-1: Ball
1-1: Swinging Strike
1-2: Strikes out swinging
Batting: RHB Antonio Lara 0-0: Ball
1-0: Ball
2-0: Ground out 5-3 (Groundball, 25, EV 86.9 MPH)
Bottom of the 1st over - 0 runs, 0 hits, 0 errors, 0 left on base; Philadelphia (APP) 0 - San Diego (APP) 0
TOP OF THE 2ND
Philadelphia (APP) Phillies batting - Pitching for San Diego (APP) Padres : LHP Ryan Tatum
Batting: RHB Seung-mun Kim 0-0: Ball
1-0: Foul Ball, location: 2F
1-1: SINGLE (Groundball, 4MD, EV 98.8 MPH)
Batting: RHB Eduardo Calderon 0-0: Swinging Strike
0-1: Called Strike
0-2: Strikes out looking
Batting: RHB Vaclav Been 0-0: DOUBLE (Line Drive, 7LM, EV 91.2 MPH)
Seung-mun Kim to third
Batting: RHB Gary Sampson 0-0: Ball
1-0: Called Strike
1-1: Fly out, F8 (Flyball, 89M, EV 81.2 MPH)
Batting: LHB Josh George 0-0: Ball
1-0: Ball
2-0: Called Strike
2-1: Swinging Strike
2-2: Strikes out swinging
Top of the 2nd over - 0 runs, 2 hits, 0 errors, 2 left on base; Philadelphia (APP) 0 - San Diego (APP) 0
BOTTOM OF THE 2ND
San Diego (APP) Padres batting - Pitching for Philadelphia (APP) Phillies : RHP Manny Cordova
Batting: RHB Tom Tate 0-0: Called Strike
0-1: Ball
1-1: Ball
2-1: Called Strike
2-2: Ball
3-2: Strikes out swinging
Batting: LHB Hugo MacBeth 0-0: Called Strike
0-1: Swinging Strike
0-2: Strikes out swinging
Batting: RHB Aaron Joseph 0-0: Ball
1-0: Called Strike
1-1: Ball
2-1: Ground out 1-3 (Groundball, 34S, EV 65.6 MPH)
Bottom of the 2nd over - 0 runs, 0 hits, 0 errors, 0 left on base; Philadelphia (APP) 0 - San Diego (APP) 0
TOP OF THE 3RD
Philadelphia (APP) Phillies batting - Pitching for San Diego (APP) Padres : LHP Ryan Tatum
Batting: LHB Jesse Haught 0-0: Ball
1-0: Foul Ball, location: 2F
1-1: Swinging Strike
1-2: Ball
2-2: Strikes out swinging
Batting: RHB Mark Schultz 0-0: Called Strike
0-1: Fly out, F9 (Flyball, 9LM, EV 92.5 MPH)
Batting: RHB Carlos Morejon 0-0: Called Strike
0-1: Ground out 5-3 (Groundball, 56, EV 90.0 MPH)
Top of the 3rd over - 0 runs, 0 hits, 0 errors, 0 left on base; Philadelphia (APP) 0 - San Diego (APP) 0
BOTTOM OF THE 3RD
San Diego (APP) Padres batting - Pitching for Philadelphia (APP) Phillies : RHP Manny Cordova
Batting: LHB Conor Barron 0-0: Ball
1-0: Swinging Strike
1-1: Ball
2-1: Ball
3-1: Base on Balls
Batting: RHB Max Stillo 0-0: Ball
1-0: Ball
2-0: Ball
3-0: Called Strike
3-1: 2-RUN HOME RUN (Flyball, 78XD, EV 105.6 MPH), Distance : 412 ft
Batting: RHB Brent Little 0-0: Called Strike
0-1: Swinging Strike
0-2: Ball
1-2: Ground out 5-3 (Groundball, 56, EV 84.4 MPH)
Batting: LHB Rogelio Nunez 0-0: Called Strike
0-1: Foul Ball, location: 2F
0-2: Strikes out swinging
Batting: LHB Carlos Cuellar 0-0: Called Strike
0-1: Ball
1-1: Foul Ball, location: 2F
1-2: Ball
2-2: Strikes out swinging
Bottom of the 3rd over - 2 runs, 1 hit, 0 errors, 0 left on base; Philadelphia (APP) 0 - San Diego (APP) 2
TOP OF THE 4TH
Philadelphia (APP) Phillies batting - Pitching for San Diego (APP) Padres : LHP Ryan Tatum
Batting: RHB Kyle Reilly 0-0: Fly out, F8 (Line Drive, 8RM, EV 87.5 MPH)
Batting: RHB Seung-mun Kim 0-0: Called Strike
0-1: Swinging Strike
0-2: Ball
1-2: Strikes out swinging
Batting: RHB Eduardo Calderon 0-0: Ground out 5-3 (Groundball, 5L, EV 79.4 MPH)
Top of the 4th over - 0 runs, 0 hits, 0 errors, 0 left on base; Philadelphia (APP) 0 - San Diego (APP) 2
BOTTOM OF THE 4TH
San Diego (APP) Padres batting - Pitching for Philadelphia (APP) Phillies : RHP Manny Cordova
Batting: RHB Antonio Lara 0-0: Ball
1-0: Called Strike
1-1: Ball
2-1: Swinging Strike
2-2: Strikes out swinging
Batting: RHB Tom Tate 0-0: Called Strike
0-1: Foul Ball, location: 2F
0-2: Fly out, F5 (Popup, 6S, EV 75.0 MPH)
Batting: LHB Hugo MacBeth 0-0: Called Strike
0-1: Ground out 4-3 (Groundball, 4, EV 91.2 MPH)
Bottom of the 4th over - 0 runs, 0 hits, 0 errors, 0 left on base; Philadelphia (APP) 0 - San Diego (APP) 2
TOP OF THE 5TH
Philadelphia (APP) Phillies batting - Pitching for San Diego (APP) Padres : LHP Ryan Tatum
Batting: RHB Vaclav Been 0-0: Ball
1-0: Swinging Strike
1-1: Swinging Strike
1-2: Strikes out looking
Batting: RHB Gary Sampson 0-0: Ball
1-0: Ball
2-0: Ball
3-0: Base on Balls
Batting: LHB Josh George 0-0: Called Strike
0-1: Ball
Gary Sampson steals 2nd base
1-1: Foul Ball, location: 2F
1-2: Ball
Balk!
Gary Sampson to third
2-2: Ball
3-2: Base on Balls
Batting: LHB Jesse Haught 0-0: Called Strike
Josh George is caught stealing 2nd base 2-6
0-1: Ball
1-1: Ground out 4-3 (Groundball, 34, EV 82.5 MPH)
Top of the 5th over - 0 runs, 0 hits, 0 errors, 1 left on base; Philadelphia (APP) 0 - San Diego (APP) 2
BOTTOM OF THE 5TH
San Diego (APP) Padres batting - Pitching for Philadelphia (APP) Phillies : RHP Manny Cordova
Batting: RHB Aaron Joseph 0-0: Ball
1-0: Called Strike
1-1: Swinging Strike
1-2: Strikes out swinging
Batting: LHB Conor Barron 0-0: Ball
1-0: Called Strike
1-1: Swinging Strike
1-2: Foul Ball, location: 2F
1-2: Foul Ball, location: 2F
1-2: Foul Ball, location: 2F
1-2: Ball
2-2: Ball
3-2: Base on Balls
Batting: RHB Max Stillo 0-0: 2-RUN HOME RUN (Flyball, 7LD, EV 95.6 MPH), Distance : 356 ft
Batting: RHB Brent Little 0-0: Foul Ball, location: 2F
0-1: Fly out, F7 (Flyball, 7LM, EV 101.9 MPH)
Batting: LHB Rogelio Nunez 0-0: Ball
1-0: Called Strike
1-1: Ground out 4-3 (Groundball, 34, EV 83.8 MPH)
Bottom of the 5th over - 2 runs, 1 hit, 0 errors, 0 left on base; Philadelphia (APP) 0 - San Diego (APP) 4
TOP OF THE 6TH
Philadelphia (APP) Phillies batting - Pitching for San Diego (APP) Padres : LHP Ryan Tatum
Batting: RHB Mark Schultz 0-0: Ball
1-0: Fly out, F9 (Line Drive, 9, EV 90.6 MPH)
Batting: RHB Carlos Morejon 0-0: Ball
1-0: Foul Ball, location: 2F
1-1: Foul Ball, location: 2F
1-2: Ball
2-2: Ball
3-2: SOLO HOME RUN (Flyball, 7D, EV 100.0 MPH), Distance : 383 ft
Batting: RHB Kyle Reilly 0-0: Ball
1-0: Ball
2-0: SINGLE (Groundball, 34, EV 100.0 MPH)
Batting: RHB Seung-mun Kim 0-0: Ball
1-0: Swinging Strike
1-1: Ball
2-1: Foul Ball, location: 2F
2-2: Strikes out looking
Pitching: RHP Brian McDaniel
Batting: RHB Eduardo Calderon 0-0: Foul Ball, location: 2F
0-1: Foul Ball, location: 2F
0-2: Foul Ball, location: 2F
0-2: Ball
1-2: Foul Ball, location: 2F
1-2: Foul Ball, location: 2F
1-2: Foul Ball, location: 2F
1-2: Foul Ball, location: 2F
1-2: Ball
2-2: Ball
3-2: Ground out 6-3 (Groundball, 6, EV 86.9 MPH)
Top of the 6th over - 1 run, 2 hits, 0 errors, 1 left on base; Philadelphia (APP) 1 - San Diego (APP) 4
BOTTOM OF THE 6TH
San Diego (APP) Padres batting - Pitching for Philadelphia (APP) Phillies : RHP Manny Cordova
Batting: LHB Carlos Cuellar 0-0: Called Strike
0-1: Ball
1-1: SINGLE (Groundball, 6D, EV 101.9 MPH)
Batting: RHB Antonio Lara 0-0: Ball
1-0: Called Strike
1-1: Called Strike
1-2: SINGLE (Groundball, 25, EV 62.5 MPH) (infield hit)
Carlos Cuellar to second
Batting: RHB Tom Tate 0-0: Foul Ball, location: 2F
0-1: Ball
1-1: Ball
2-1: Ball
3-1: Base on Balls
Carlos Cuellar to third
Antonio Lara to second
Batting: LHB Hugo MacBeth 0-0: Ball
1-0: Ball
2-0: Ball
3-0: Base on Balls
Carlos Cuellar scores
Antonio Lara to third
Tom Tate to second
Pitching: LHP Ignacio Amaya
Batting: RHB Aaron Joseph 0-0: Ball
1-0: Called Strike
1-1: TRIPLE (Flyball, 78XD, EV 97.5 MPH)
Antonio Lara scores
Tom Tate scores
Hugo MacBeth scores
Batting: LHB Conor Barron 0-0: Swinging Strike
0-1: Foul Ball, location: 2F
0-2: Ball
Wild Pitch!
Aaron Joseph scores
1-2: Ball
2-2: SINGLE (Flyball, 3D, EV 95.6 MPH)
Batting: RHB Max Stillo 0-0: Foul Ball, location: 2F
0-1: Swinging Strike
0-2: Strikes out swinging
Batting: RHB Brent Little 0-0: Ball
1-0: Fielders Choice at 2nd, 3-6 (Groundball, 34, EV 103.1 MPH)
Batting: LHB Rogelio Nunez 0-0: Ball
1-0: Foul Ball, location: 2F
1-1: Foul Ball, location: 2F
1-2: Foul Ball, location: 2F
1-2: Strikes out looking
Bottom of the 6th over - 5 runs, 4 hits, 0 errors, 1 left on base; Philadelphia (APP) 1 - San Diego (APP) 9
TOP OF THE 7TH
Philadelphia (APP) Phillies batting - Pitching for San Diego (APP) Padres : RHP Brian McDaniel
Batting: RHB Vaclav Been 0-0: Ball
1-0: Ball
2-0: Ball
3-0: Called Strike
3-1: Base on Balls
Batting: RHB Gary Sampson 0-0: Called Strike
0-1: Swinging Strike
0-2: Ball
1-2: Foul Ball, location: 2F
1-2: Ball
2-2: Strikes out swinging
Batting: LHB Josh George 0-0: Called Strike
Vaclav Been steals 2nd base (no throw)
0-1: Ball
1-1: Ball
2-1: Foul Ball, location: 2F
2-2: SINGLE (Line Drive, 7S, EV 95.6 MPH)
Vaclav Been to third
Pitching: RHP Scott Gillis
Batting: LHB Jesse Haught 0-0: Called Strike
0-1: Ball
1-1: Ball
2-1: Ball
3-1: Base on Balls
Josh George to second
Batting: RHB Mark Schultz 0-0: Ground out 4-3 (Groundball, 4M, EV 109.4 MPH)
Vaclav Been scores
Josh George to third
Jesse Haught to second
Batting: RHB Carlos Morejon 0-0: Ball
1-0: Called Strike
1-1: Foul Ball, location: 2F
1-2: Foul Ball, location: 2F
1-2: Strikes out swinging
Top of the 7th over - 1 run, 1 hit, 0 errors, 2 left on base; Philadelphia (APP) 2 - San Diego (APP) 9
BOTTOM OF THE 7TH
San Diego (APP) Padres batting - Pitching for Philadelphia (APP) Phillies : LHP Ignacio Amaya
Pitching: RHP David LaBounty
Batting: LHB Carlos Cuellar 0-0: Ball
1-0: Ground out 4-3 (Groundball, 34, EV 84.4 MPH)
Batting: RHB Antonio Lara 0-0: Ball
1-0: Ball
2-0: Ball
3-0: Base on Balls
Batting: RHB Tom Tate 0-0: Ball
Wild Pitch!
Antonio Lara to second
1-0: Ball
2-0: Ball
3-0: Base on Balls
Batting: LHB Hugo MacBeth 0-0: Ball
1-0: Called Strike
1-1: Foul Ball, location: 2F
1-2: Foul Ball, location: 2F
1-2: Ball
2-2: Strikes out swinging
Batting: RHB Aaron Joseph 0-0: Fly out, F8 (Flyball, 8RM, EV 89.4 MPH)
Bottom of the 7th over - 0 runs, 0 hits, 0 errors, 2 left on base; Philadelphia (APP) 2 - San Diego (APP) 9
TOP OF THE 8TH
Philadelphia (APP) Phillies batting - Pitching for San Diego (APP) Padres : RHP Scott Gillis
Batting: RHB Kyle Reilly 0-0: Foul Ball, location: 2F
0-1: Ball
1-1: SINGLE (Line Drive, 7LS, EV 93.1 MPH)
Batting: RHB Seung-mun Kim 0-0: Ball
1-0: Ball
2-0: Called Strike
2-1: Ball
3-1: Base on Balls
Kyle Reilly to second
Batting: RHB Eduardo Calderon 0-0: Ball
1-0: Ball
2-0: Called Strike
2-1: Foul Ball, location: 2F
2-2: Strikes out swinging
Batting: RHB Vaclav Been 0-0: Called Strike
0-1: Swinging Strike
0-2: Strikes out swinging
Pinch Hitting: LHB Eric Farren 0-0: Hit by Pitch
Kyle Reilly to third
Seung-mun Kim to second
Batting: LHB Josh George 0-0: Ball
1-0: Foul Ball, location: 2F
1-1: Foul Ball, location: 2F
1-2: Strikes out swinging
Top of the 8th over - 0 runs, 1 hit, 0 errors, 3 left on base; Philadelphia (APP) 2 - San Diego (APP) 9
BOTTOM OF THE 8TH
San Diego (APP) Padres batting - Pitching for Philadelphia (APP) Phillies : RHP David LaBounty
Now at SS: Eric Farren
Batting: LHB Conor Barron 0-0: Foul Ball, location: 2F
0-1: Swinging Strike
0-2: Strikes out swinging
Batting: RHB Max Stillo 0-0: Ball
1-0: Ball
2-0: Ball
3-0: Called Strike
3-1: Called Strike
3-2: Strikes out swinging
Batting: RHB Brent Little 0-0: Foul Ball, location: 2F
0-1: Ball
1-1: Ball
2-1: Called Strike
2-2: Fly out, F9 (Flyball, 9D, EV 108.8 MPH)
Bottom of the 8th over - 0 runs, 0 hits, 0 errors, 0 left on base; Philadelphia (APP) 2 - San Diego (APP) 9
TOP OF THE 9TH
Philadelphia (APP) Phillies batting - Pitching for San Diego (APP) Padres : RHP Scott Gillis
Batting: LHB Jesse Haught 0-0: Called Strike
0-1: Ball
1-1: Ball
2-1: Called Strike
2-2: Ball
3-2: SINGLE (Flyball, 7LS, EV 96.2 MPH)
Batting: RHB Mark Schultz 0-0: Ball
1-0: Ball
2-0: Called Strike
2-1: Foul Ball, location: 2F
2-2: Ball
3-2: Strikes out looking
Batting: RHB Carlos Morejon 0-0: Called Strike
0-1: Swinging Strike
0-2: Strikes out swinging
Batting: RHB Kyle Reilly 0-0: Ball
1-0: Called Strike
1-1: Foul Ball, location: 2F
1-2: Ball
2-2: Strikes out swinging
Top of the 9th over - 0 runs, 1 hit, 0 errors, 1 left on base; Philadelphia (APP) 2 - San Diego (APP) 9
Thursday, March 31st , 2022 - OOTP Baseball 22.12 Build 89